Map: Port Aleksander LE

Players

BaldSeagull - Winner!

  • Race: Zerg Zerg
  • League: Diamond
  • Spawn Location: 5:00

gelous

  • Race: Protoss Protoss
  • League: Diamond
  • Spawn Location: 11:00

VOD

Have the link to the VOD?

Description

Time

  • Played on: Dec. 28, 2018, 4:16 p.m.
  • Length: 4:19
Show
View Real Time Build Order
Export as new Build Order

BaldSeagull Zerg - Winner!

Build Orders: Hatch First 

Get SALT Encoding   

  12  0:01  Drone  
  13  0:18  Overlord  
  13  0:19  Drone  
  14  0:39  Drone x2  
  16  0:55  Hatchery  
  15  1:07  Spawning Pool  
  15  1:11  Drone  
  15  1:15  Drone  
  16  1:19  Drone  
  17  1:28  Overlord  
  17  2:00  Zergling x4  
  19  2:07  Queen  
  21  2:10  Spine Crawler  
  21  2:12  Spine Crawler  
  21  2:14  Spine Crawler  
  21  2:15  Zergling x2  
  19  2:19  Zergling x2  
  20  2:23  Zergling x2  
  20  2:27  Zergling x2  
  22  2:31  Zergling x2  
  23  2:37  Zergling x2  
  23  2:39  Zergling x2  
  23  2:42  Zergling x2  
  26  2:53  Zergling x4  
  26  2:57  Zergling x2  
  29  3:04  Zergling x2  
  30  3:06  Zergling x2  
  31  3:22  Zergling x4  
  32  3:28  Queen  
  32  3:29  Zergling x2  
  32  3:32  Zergling x2  
  32  3:41  Zergling x2  
  32  3:42  Zergling x2  
  32  3:45  Zergling x2  
  35  3:52  Zergling x2  
  35  3:59  Zergling x2  
Show
View Real Time Build Order
Export as new Build Order

gelous Protoss 

Build Orders: 1 Gate Expand 

Get SALT Encoding   

  12  0:01  Probe  
  13  0:13  Probe  
  14  0:22  Pylon  
  14  0:27  Probe  
  15  0:40  Probe  
  16  0:43  Gateway  
  16  0:48  Assimilator  
  16  0:52  Probe  
  17  1:04  Probe, Pylon  
  18  1:18  Probe  
  19  1:24  Pylon  
  19  1:38  Nexus  
  19  1:46  Cybernetics Core  
  19  1:47  Probe  
  20  1:55  Pylon, Probe  
  21  2:06  Zealot  
  23  2:18  Gateway  
  23  2:27  Shield Battery  
  23  2:44  Assimilator  
  23  2:51  Stalker  
  25  3:08  Pylon  
  25  3:20  Shield Battery  
  25  3:23  Shield Battery  
  25  3:27  Stalker  
  25  3:30  Gateway  
  25  3:31  Gateway  
  25  3:36  Pylon  
  24  3:49  Pylon  
  24  3:54  Pylon  
  24  3:59  Gateway  
Tags
 
Add a new tag
Caveats
  • Supply blocks, unpowered buildings, or Contaminate may cause inaccurate times.
  • Supply counts are checked every 10 seconds.